 Dungeon Crawl Stone Soup version 0.13-a0-2505-g5f0fbe2 (webtiles) character file.

7113 Drahman the Hoplite (level 10, -1/83 HPs)
             Began as a White Draconian Artificer on July 23, 2013.
             Was an Elder of Nemelex Xobeh.
             Slain by an unseen horror (4 damage)
             ... on Level 10 of the Dungeon.
             The game lasted 00:55:04 (16498 turns).

Drahman the Hoplite (White Draconian Artificer)    Turns: 16498, Time: 00:55:04

HP  -1/83        AC  7     Str 13      XL: 10   Next: 68%
MP  18/20        EV  9     Int 15      God: Nemelex Xobeh [****..]
Gold 627         SH 29     Dex 12 (14) Spells:  1 memorised,  9 levels left

Res.Fire  : . . .   See Invis. : .   m - +2,+1 scimitar (slice)
Res.Cold  : + . .   Warding    : .   (armour unavailable)
Life Prot.: . . .   Conserve   : .   N - -1 large shield
Res.Poison: .       Res.Corr.  : .   (helmet restricted)
Res.Elec. : .       Clarity    : .   (no cloak)
Sust.Abil.: . .     Spirit.Shd : .   (no gloves)
Res.Mut.  : .       Stasis     : .   (no boots)
Res.Rott. : .       Flight     : .   o - amulet of faith
Saprovore : . . .                    H - ring of wizardry
                                     v - ring of sustenance

@: very slightly contaminated, somewhat resistant to hostile enchantments,
stealthy
A: breathe frost, unfitting armour, cold resistance 1, sense surroundings 1,
regeneration 1, AC +7, Dex +1
a: Breathe Frost, Draw One, Peek at Two, Triple Draw, Deal Four, Renounce
Religion


You were on level 10 of the Dungeon.
You worshipped Nemelex Xobeh.
Nemelex Xobeh was extremely pleased with you.
You were very hungry.

You visited 2 branches of the dungeon, and saw 11 of its levels.

You collected 609 gold pieces.

Inventory:

Hand weapons
 a - a +1,-2 short sword
 m - a +2,+1 scimitar of slicing (weapon)
 q - a +0,+0 mace
 w - a cursed -2,-2 orcish whip
Armour
 N - a -1 large shield (worn)
Magical devices
 b - a wand of flame (0)
 c - a wand of enslavement (12)
 d - a wand of random effects (2)
 h - a wand of lightning (6)
 i - a wand of confusion (1)
 y - a wand of teleportation (2)
 B - a wand of enslavement (2)
 D - a wand of fire (2)
Comestibles
 g - 16 cheeses
 n - 2 meat rations
 p - a honeycomb
 u - a pear
 I - a choko
 J - 7 sultanas
Scrolls
 e - 2 scrolls of remove curse
 j - 3 scrolls of fog
 s - 2 scrolls of teleportation
 t - a scroll of enchant weapon II
 z - 2 scrolls of recharging
Jewellery
 o - an amulet of faith (around neck)
 v - a ring of sustenance (left hand)
 x - an uncursed ring of teleportation
 H - a ring of wizardry (right hand)
Potions
 k - a potion of resistance
 C - 2 potions of invisibility
Books
 L - a book of Party Tricks

   Spells                             Type                      Level
   Summon Butterflies                 Summoning                    1
   Apportation                        Translocation                1
   *Blink                             Translocation                2
   Alistair's Intoxication            Transmutation/Poison         4
   Tukima's Dance                     Hexes                        5
Miscellaneous
 f - a plain deck of escape {drawn: 7}
 r - a plain deck of summonings {drawn: 2}
 A - a plain deck of destruction {drawn: 4}
 F - a plain deck of summonings {drawn: 1}


   Skills:
 + Level 8.1 Fighting
 - Level 6.2 Short Blades
 + Level 7.6 Long Blades
 - Level 1.7 Dodging
 - Level 4.8 Stealth
 * Level 8.3 Shields
 + Level 1.1 Spellcasting
   Level 1.8 Necromancy
 + Level 1.8 Translocations
 + Level 6.6 Evocations


You had 9 spell levels left.
You knew the following spells:

 Your Spells              Type           Power        Failure   Level  Hunger
a - Blink                 Tloc           N/A          75%         2    ###....


Dungeon Overview and Level Annotations

Branches:
Dungeon (10/27)            Temple (1/1) D:5
    Orc: D:6-11        Lair: D:8-13

Altars:
Elyvilon
Kikubaaqudgha
Makhleb
Nemelex Xobeh
Okawaru
Sif Muna
Trog
Vehumet

Shops:
D:8: =


Innate Abilities, Weirdness & Mutations

You can breathe waves of freezing cold.
You can buffet flying creatures when you breathe cold.
Your icy white scales are hard (AC +7).
Your body does not fit into most forms of armour.
Your cold-blooded metabolism reacts poorly to cold.
Your flesh is cold resistant.
You are agile (Dex +1).
You passively map a small area around you.
Your natural rate of healing is unusually fast.


Message History

The phantom is almost destroyed.
It hits you.
* * * LOW HITPOINT WARNING * * *
It hits you but does no damage.
Use which ability? (? or * to list) Draw from which deck? (? for menu, Esc to quit)
You draw a card...
It is Venom.
You have drawn Venom.
Press: ? - help, Shift-Dir - straight line, f/p - phantom
Aim: a phantom (almost destroyed)
The sting hits something.
You block its attack.
Evoke which item? (* to show all) (? for menu, Esc to quit)
Zapping:
D - a wand of fire {zapped: 4}
Press: ? - help, Shift-Dir - straight line, f/p - phantom
Aim: a phantom (almost destroyed)
The bolt of fire hits the phantom.
You destroy the phantom!
It hits you.
You die...
Your body glows with a rainbow of weird colours and disappears.

#.##.#................
#....#................
##.................... #####
#########........###....
#...#.#...#...#........## ##... ,
#..#...#..#..#..##.....# #...
#.#$.%).#.#.#...###....## *#...
#...)...###....###.....###....
................@................
#....###.......###..............
.... #.#.....#.#.#.............
... #..#...#..#..#............ .
#...#.#...#...#...........
###############........... , , ,,
, #................. , ,
*#........<....... ,
#.......<.<......


There were no monsters in sight!

Vanquished Creatures
  A hungry ghost (D:10)
  Eustachio (D:7)
  2 hippogriffs
  5 yaks (D:9)
  A hill giant skeleton (D:9)
  A manticore (D:9)
  Edmund (D:6)
  A necrophage (D:7)
  3 phantoms
  4 ogres
  4 sky beasts
  2 ice beasts
  4 centaurs
  Sigmund (D:6)
  Duvessa (D:8)
  A big kobold (D:10)
  Blork the orc (D:7)
  A water moccasin (D:5)
  4 giant frogs
  An eye of draining (D:5)
  3 wights (D:6)
  9 killer bees
  A giant frog zombie (D:7)
  Dowan (D:8)
  10 crimson imps
  2 goliath beetles
  A giant frog skeleton (D:8)
  A gnoll shaman (D:9)
  5 hounds
  7 orc priests
  A basilisk skeleton (D:9)
  An iguana (D:4)
  4 orc wizards
  2 quasits (D:9)
  3 scorpions
  6 worker ants
  3 jellies
  An orange rat (D:8)
  Ijyb (D:7)
  Terence (D:3)
  A hound skeleton (D:5)
  14 adders
  6 gnolls (D:9)
  3 green rats (D:8)
  3 white imps (D:9)
  A worm (D:5)
  4 grey rats (D:8)
  An iguana zombie (D:7)
  6 giant geckos
  An ooze (D:4)
  23 orcs
  17 bats
  5 giant cockroaches
  13 goblins
  16 hobgoblins
  9 jackals
  23 kobolds
  7 quokkas
  4 training dummies (D:2)
  A ball python (D:2)
  4 giant newts
  3 giant spores
  A goblin skeleton (D:4)
  A goblin zombie (D:5)
  An orc zombie (D:7)
  A quokka skeleton (D:6)
  21 rats
  A rat skeleton (D:5)
  3 ballistomycetes (D:9)
297 creatures vanquished.

Vanquished Creatures (collateral kills)
  An orc warrior (D:10)
  An ogre (D:5)
  A wight (D:6)
  A killer bee (D:9)
  A crimson imp (D:10)
  A hound (D:10)
  An orc wizard (D:9)
  A jelly (D:5)
  3 orcs (D:10)
  A ball python (D:3)
  A bat (D:3)
  A goblin (D:3)
  A kobold (D:3)
  An orc skeleton (D:5)
16 creatures vanquished.

Vanquished Creatures (others)
  A killer bee (D:10)
  A worker ant (D:7)
  4 toadstools (D:1)
6 creatures vanquished.

Grand Total: 319 creatures vanquished

Notes
Turn   | Place    | Note
--------------------------------------------------------------
     0 | D:1      | Drahman, the Draconian Artificer, began the quest for the Orb.
     0 | D:1      | Reached XP level 1. HP: 17/17 MP: 1/1
    61 | D:1      | Reached skill level 1 in Stealth
   267 | D:1      | Reached XP level 2. HP: 18/24 MP: 3/3
  1327 | D:1      | Reached XP level 3. HP: 29/29 MP: 4/4
  1677 | D:2      | Found an iron altar of Okawaru.
  2009 | D:2      | Reached XP level 4. HP: 29/37 MP: 6/6
  2593 | D:3      | Noticed Terence
  2809 | D:3      | Found a bloodstained altar of Trog.
  3099 | D:3      | Reached XP level 5. HP: 40/42 MP: 7/7
  3166 | D:3      | Killed Terence
  3607 | D:4      | Noticed an ogre
  3630 | D:4      | Killed an ogre
  3630 | D:4      | Reached XP level 6. HP: 39/50 MP: 9/9
  3975 | D:4      | Found a radiant altar of Vehumet.
  4619 | D:5      | Entered Level 5 of the Dungeon
  4797 | D:5      | Reached skill level 4 in Fighting
  5208 | D:5      | Noticed a hippogriff
  5538 | D:5      | Reached skill level 1 in Shields
  5538 | D:5      | Your scales start taking on an icy white colour.
  5538 | D:5      | Gained mutation: Your flesh is cold resistant. [draconian maturity]
  5538 | D:5      | Reached XP level 7. HP: 5/57 MP: 10/10
  6028 | D:5      | Gained mutation: You passively map a small area around you. [potion of mutation]
  6028 | D:5      | Gained mutation: You possess an exceptional clarity of mind. [potion of mutation]
  6028 | D:5      | Gained mutation: You are agile (Dex +1). [potion of mutation]
  6798 | D:4      | Reached skill level 5 in Fighting
  7036 | D:5      | Killed a hippogriff
  7425 | D:5      | Reached skill level 5 in Short Blades
  7729 | D:5      | Found a staircase to the Ecumenical Temple.
  7753 | Temple   | Entered the Ecumenical Temple
  7761 | Temple   | Became a worshipper of Nemelex Xobeh
  7881 | D:5      | Received a gift from Nemelex Xobeh
  7889 | D:5      | Lost mutation: You possess an exceptional clarity of mind. [helix card]
  7899 | D:5      | Acquired Nemelex Xobeh's first power
  8006 | D:6      | Reached skill level 1 in Necromancy
  8006 | D:6      | Reached XP level 8. HP: 35/66 MP: 12/12
  8826 | D:6      | Noticed Edmund
  8900 | D:6      | Killed Edmund
  8925 | D:6      | Acquired Nemelex Xobeh's second power
  9475 | D:6      | Reached skill level 6 in Fighting
  9477 | D:6      | Received a gift from Nemelex Xobeh
 10057 | D:7      | Noticed Blork the orc
 10057 | D:7      | Noticed Sigmund
 10099 | D:6      | Killed Sigmund
 10428 | D:7      | Killed Blork the orc
 10428 | D:7      | Reached XP level 9. HP: 27/72 MP: 16/16
 10640 | D:7      | Reached skill level 5 in Shields
 10652 | D:7      | Found a deep blue altar of Sif Muna.
 10707 | D:7      | Reached skill level 1 in Long Blades
 10892 | D:7      | Noticed Ijyb
 10907 | D:7      | Killed Ijyb
 10959 | D:7      | Noticed Eustachio
 10979 | D:7      | Killed Eustachio
 10979 | D:7      | Reached skill level 5 in Evocations
 12205 | D:8      | Noticed Dowan
 12207 | D:8      | Noticed Duvessa
 12219 | D:8      | Killed Duvessa
 12222 | D:8      | Killed Dowan
 12236 | D:8      | Acquired Nemelex Xobeh's third power
 12278 | D:8      | Reached skill level 5 in Long Blades
 12591 | D:8      | Received a gift from Nemelex Xobeh
 12849 | D:8      | Reached skill level 7 in Fighting
 12930 | D:8      | Found Thuurod's Jewellery Shop.
 13463 | D:9      | Acquired Nemelex Xobeh's fourth power
 13686 | D:9      | Reached XP level 10. HP: 36/82 MP: 19/19
 14262 | D:9      | Received a gift from Nemelex Xobeh
 14970 | D:9      | Reached skill level 8 in Shields
 15268 | D:9      | Learned a level 2 spell: Blink
 15882 | D:10     | Entered Level 10 of the Dungeon
 15985 | D:10     | Received a gift from Nemelex Xobeh
 16032 | D:10     | Gained mutation: Your natural rate of healing is unusually fast. [potion of mutation]
 16071 | D:10     | Reached skill level 1 in Translocations
 16341 | D:10     | Reached skill level 1 in Spellcasting
 16491 | D:10     | HP: 1/83 [something (11)]
 16496 | D:10     | HP: 2/83 [something (1)]
 16498 | D:10     | Slain by an unseen horror

Action                   |  1- 3 |  4- 6 |  7- 9 | 10-12 || total
-------------------------+-------+-------+-------+-------++-------
Melee: Short sword       |   187 |   282 |   545 |       ||  1014
       Scimitar          |       |       |   260 |   274 ||   534
Throw: Dagger            |       |       |       |     2 ||     2
       Hand axe          |       |       |       |     2 ||     2
Invok: Draw One          |       |       |     1 |     7 ||     8
       Triple Draw       |       |       |       |     2 ||     2
 Abil: Breathe Frost     |       |       |    37 |    12 ||    49
Evoke: Wand              |     9 |    22 |    25 |     9 ||    65
       Deck              |       |       |     5 |       ||     5
  Use: Potion            |       |     3 |    11 |     4 ||    18
       Scroll            |       |       |    15 |     7 ||    22
 Stab: Sleeping          |     1 |     4 |     7 |       ||    12
       Distracted        |       |       |     1 |     1 ||     2
